 Dungeon Crawl Stone Soup version 0.29.1-1-gd02db6906a (webtiles) character file.

Game seed: 14151066842584999600

280 Ijustatesigmund the Trooper (level 6, -7/40 HPs)
             Began as a Gargoyle Fighter on Sept 20, 2022.
             Mangled by an ogre
             ... wielding a +0 giant club
              (8 damage)
             ... on level 4 of the Dungeon.
             The game lasted 00:07:44 (3157 turns).

Ijustatesigmund the Trooper (Gargoyle Fighter)      Turns: 3157, Time: 00:07:45

Health: -7/40      AC: 12    Str: 21    XL:     6   Next: 27%
Magic:  6/6        EV:  7    Int:  9    God:
Gold:   74         SH:  5    Dex:  9    Spells: 5/5 levels left

rFire   . . .      SeeInvis +   a - +0 flail
rCold   . . .      Faith    .   c - +1 buckler
rNeg    + . .      Spirit   .   b - +3 chain mail
rPois   ∞          Reflect  .   (no helmet)
rElec   +          Harm     .   (no cloak)
rCorr   .          Rampage  .   (no gloves)
Will    +....                   (no boots)
Stlth   ..........              (no amulet)
HPRegen 0.13/turn               e - ring of see invisible
MPRegen 0.10/turn               f - ring of willpower

@: corroded, attractive, invisible
A: sickness immunity, AC +4, negative energy resistance 1, electricity
resistance, torment resistance 1, petrification resistance
a: no special abilities


You were on level 4 of the Dungeon.
You visited 1 branch of the dungeon, and saw 4 of its levels.
You also visited: Sewer.

You collected 203 gold pieces.
You spent 129 gold pieces at shops.

Inventory:

Hand Weapons
 a - a +0 flail (weapon)
Armour
 b - a +3 chain mail (worn)
 c - a +1 buckler (worn)
 n - the +7 chain mail of the Turtle {Fly rC- Will+}
   (You found it on level 3 of the Dungeon)

   rC:        It makes you vulnerable to cold.
   Fly:       It grants you flight.
   Will:      It increases your willpower.
Jewellery
 e - a ring of see invisible (left hand)
 f - a ring of willpower (right hand)
 p - a ring of ice
Scrolls
 o - a scroll of fog
Potions
 d - a potion of might
 g - 4 potions of curing
 h - 2 potions of magic
 i - a potion of mutation
 k - a potion of cancellation
 l - 2 potions of lignification
 m - 2 potions of brilliance
 r - a potion of attraction
 s - a potion of flight {unknown}


   Skills:
 + Level 5.4 Fighting
 + Level 4.3 Maces & Flails
 + Level 4.3 Armour
 - Level 3.2 Shields


You had 5 spell levels left.
You didn't know any spells.
Your spell library contained the following spells:

 Spells                   Type           Power      Damage    Failure   Level
 Sandblast                Erth           0%         2d4       99%         1
 Wereblood                Tmut           0%         N/A       100%        2
 Conjure Flame            Conj/Fire      0%         6-21      100%        3
 Ignite Poison            Fire/Tmut/Pois 0%         N/A       100%        3
 Sticky Flame             Conj/Fire      0%         2d3       100%        4
 Summon Hydra             Summ           0%         N/A       100%        7
 Sublimation of Blood     Necr           Unusable   N/A       N/A         2

Dungeon Overview and Level Annotations

Branches:
Dungeon (4/15)              Sewer (visited)
 Temple: D:4-7

Altars:
Vehumet

Shops:
D:4 *


Innate Abilities, Weirdness & Mutations

You are immune to sickness and miasma.
Your stone body is resilient. (AC +4)
You are immune to poison.
You resist negative energy. (rN+)
You are resistant to electric shocks. (rElec)
You are resistant to unholy torment.
You are immune to petrification.


Message History

You are too injured to fight recklessly!
You are too injured to fight recklessly!
You are too injured to fight recklessly!
You are too injured to fight recklessly!
You are too injured to fight recklessly!
You are too injured to fight recklessly!
You are too injured to fight recklessly!
You are too injured to fight recklessly!
You are too injured to fight recklessly!
You are too injured to fight recklessly!
You are too injured to fight recklessly!
You are too injured to fight recklessly!
You are too injured to fight recklessly!
You are too injured to fight recklessly!
You are too injured to fight recklessly!
You are too injured to fight recklessly!
You are too injured to fight recklessly!
You aren't carrying any items that you can evoke.
Sorry, you're not good enough to have a special ability.
It was a potion of attraction.
You feel attractive to monsters. The kobold barely misses you.
The ogre hits you with a +0 giant club!
You fade into invisibility!
The kobold hits you but does no damage.
You barely miss the ogre.
The ogre is heavily wounded.
The kobold hits you but does no damage.
You hit the jelly. The acid corrodes you!
Your hands burn!
* * * LOW HITPOINT WARNING * * *
The jelly is lightly wounded.
The kobold hits you with a +0 dagger.
* * * LOW HITPOINT WARNING * * *
The jelly hits you but does no damage. The kobold barely misses you.
The jelly hits you.
* * * LOW HITPOINT WARNING * * *
You are splashed with acid!
* * * LOW HITPOINT WARNING * * *
As you read the scroll of fog, it crumbles to dust.
The scroll dissolves into smoke.
The ogre hits you with a +0 giant club!
You die...

......#....#....###..#
....<....>##...##.##.##
..............###......
............###..#####
##...)....###...#~~~#
###..........##...#~~~#
#.....§...........#~.~#
#.#.§JKO§.........#~~~#
####@####.......#~~~#
#.§§§§§.##......##'##
#.§§.§⌠.###......÷...
#.......# #####.#####
+...⌠...+ ### #......?#
#.⌠...⌠.# #.......#
####+####


You could see an ogre (unable to see you), a jelly and a kobold (unable to see
you).

Vanquished Creatures
  A hound (D:4)
  3 river rats (Sewer)
  11 adders
  4 gnolls (D:3)
  A dart slug (D:4)
  2 orcs (D:3)
  4 endoplasms
  3 giant cockroaches
  13 goblins
  5 hobgoblins
  5 jackals
  5 quokkas
  3 ball pythons (Sewer)
  2 bats
  14 frilled lizards
  10 kobolds
  5 rats
91 creatures vanquished.

Vanquished Creatures (others)
  A demonic plant (D:4)
1 creature vanquished.

Grand Total: 92 creatures vanquished

Notes
Turn   | Place    | Note
-------+----------+-------------------------------------------
     0 | D:1      | Ijustatesigmund the Gargoyle Fighter began the quest for
                  | the Orb.
     0 | D:1      | Reached XP level 1. HP: 14/14 MP: 1/1
    88 | D:1      | Found a faded altar of an unknown god.
   110 | D:1      | Got Plato's Treatise on the Boulder
   222 | D:1      | Reached XP level 2. HP: 19/19 MP: 2/2
   755 | D:2      | Reached skill level 4 in Fighting
   755 | D:2      | Reached XP level 3. HP: 15/24 MP: 3/3
  1086 | D:2      | Reached XP level 4. HP: 28/30 MP: 4/4
  1556 | D:2      | Found a radiant altar of Vehumet.
  1847 | D:3      | Identified the +7 chain mail of the Turtle {Fly rC- Will+}
  2098 | D:3      | Reached XP level 5. HP: 24/34 MP: 5/5
  2283 | D:3      | Reached skill level 5 in Fighting
  2556 | D:4      | Found Paong's Assorted Antiques.
  2566 | D:4      | Bought 2 bubbling orange potions for 48 gold pieces
  2566 | D:4      | Bought a scroll of identify for 54 gold pieces
  2566 | D:4      | Bought a scroll labelled WERPHO DUATYO for 27 gold pieces
  2587 | D:4      | Found a glowing drain.
  2635 | Sewer    | Entered a sewer
  2845 | Sewer    | Reached XP level 6. HP: 40/40 MP: 6/6
  3156 | D:4      | HP: 1/40 [acid (8)]
  3157 | D:4      | Mangled by an ogre

Illustrated notes

Levels and vault maps discovered:
D:1:      dpeg_arrival_simpleton_a, layout_rooms,
          shapermc_ecumenical_altar_rom_forum
D:2:      layout_loops_ring, basic_altar, grunt_decor_arrowhead,
          minmay_pentomino_u4
D:3:      layout_basic
D:4:      layout_cave_pools, minmay_temple_entry_grid, serial_shops, shop, shop,
          serial_demonic, serial_demonic_b, serial_demonic_f, serial_demonic_g,
          serial_demonic_c, gup_sewer_entry_glass, minmay_fountain_box,
          minmay_misc_feat_roman

Skill      XL: |  1  2  3  4  5 |
---------------+----------------+-----
Fighting       | 4 5 |  5.4
Maces & Flails | 3 4 |  4.3
Armour         | 4 |  4.3
Shields        | |  3.2

Action                   |  1- 3 |  4- 6 || total
-------------------------+-------+-------++-------
Melee: Flail             |    91 |   248 ||   339
  Use: Scroll            |       |    16 ||    16
       Potion            |       |     2 ||     2
Armor: Scale mail        |    55 |    15 ||    70
       Chain mail        |       |   147 ||   147
Dodge: Dodged            |    42 |    77 ||   119
Block: Buckler           |    16 |    57 ||    73
